 Dungeon Crawl Stone Soup version 0.28-a0-779-g3d1f99b579 (webtiles) character file.

Game seed: 4258209841540766071

106 ytrimaz the Ruffian (level 4, -2/35 HPs)
             Began as a Demonspawn Fighter on Nov 2, 2021.
             Was a Plaything of Xom.
             Slain by Grinder (4 damage)
             ... on level 3 of the Dungeon.
             The game lasted 00:03:08 (3010 turns).

ytrimaz the Ruffian (Demonspawn Fighter)            Turns: 3010, Time: 00:03:08

Health: -2/35      AC:  7    Str: 17    XL:     4   Next: 55%
Magic:  4/4        EV:  9    Int: 10    God:    Xom [..*...]
Gold:   164        SH:  4    Dex: 12    Spells: 3/3 levels left

rFire   . . .      SeeInvis .     - Unarmed
rCold   . . .      Faith    .   b - +0 buckler
rNeg    . . .      Spirit   .   a - +0 scale mail
rPois   .          Reflect  .   (helmet restricted)
rElec   .          Harm     .   (no cloak)
rCorr   .          Rampage  .   (no gloves)
Will    .....                   (no boots)
Stlth   ..........              (no amulet)
HPRegen 0.11/turn               (no ring)
MPRegen 0.09/turn               (no ring)

@: no status effects
A: antennae 1, demonic guardian 1, sharp scales 1
a: Renounce Religion


You were on level 3 of the Dungeon.
You worshipped Xom.
You were a toy of Xom.
You visited 1 branch of the dungeon, and saw 3 of its levels.

You collected 164 gold pieces.

Inventory:

Armour
 a - a +0 scale mail (worn)
 b - a +0 buckler (worn)
Scrolls
 e - a scroll of torment {unknown}
Potions
 c - a potion of might
 d - a potion of flight
 f - a potion of brilliance {unknown}
 g - a potion of haste {unknown}
 h - a potion of attraction {unknown}
 i - a potion of mutation {unknown}


   Skills:
 + Level 3.2 Fighting
 + Level 3.3 Armour
 + Level 3.0 Shields
 * Level 3.5 Unarmed Combat


You had 3 spell levels left.
You didn't know any spells.
Your spell library was empty.

Dungeon Overview and Level Annotations

Branches:
Dungeon (3/15)

Altars:
Xom

Annotations:
D:3 Grinder


Innate Abilities, Weirdness & Mutations

You have a pair of small antennae on your head.
A weak demonic guardian rushes to your aid.
You are partially covered in razor-sharp scales. (AC +1, Slay +1)


Message History

You block the kobold's attack. Grinder closely misses you.
You barely miss Grinder.
Grinder is lightly wounded.
The kobold hits you but does no damage. Grinder hits you.
You completely miss Grinder.
Grinder is lightly wounded.
The kobold hits you but does no damage. Grinder closely misses you.
You barely miss Grinder.
Grinder is lightly wounded.
You block the kobold's attack. Grinder barely misses you.
Unknown command.
You miss the kobold. The kobold hits you but does no damage.
You hit the kobold.
The kobold is severely wounded.
Grinder hits you but does no damage. The kobold hits you but does no damage.
You completely miss the kobold.
The kobold is heavily wounded.
Grinder hits you!
* * * LOW HITPOINT WARNING * * *
You writhe in agony.
* * * LOW HITPOINT WARNING * * *
A demonic guardian appears!
You emit a cloud of colourful smoke!
The kobold barely misses you.
Unknown command.
You barely miss the kobold.
The kobold is heavily wounded.
Grinder gestures at you. You resist with significant effort.
The kobold closely misses you.
Unknown command.
You hit the kobold.
You kill the kobold!
Grinder closely misses you.
Your iron imp closely misses Grinder.
Your Shields skill increases to level 3!
Unknown command.
You closely miss Grinder.
Grinder is lightly wounded.
Grinder hits you.
You die...
Xom howls with laughter!

.†.....#.....#.#
##......######.
..###........#.#
#........####.
..###.#........#
.......##.)....
...##.#.......##
.........#)####
....#...#####..#
.........#.# ..#.#..##
#..# #....##..#..#
..#.#..#
##.####....###>...#
..#.#..# #..§§..$...#
#..... ....#.##
#...@..>.... .......
.#....#
#..5)§..............#
.#....#
#..5........#.#.......
.##...#{
....#.........#........#
#...# #####.........#
#.... #.......... ......
##..(....#. ..#.....
......... ..##.....#


You could see Grinder (ally target) and a friendly iron imp (summoned).

Vanquished Creatures
  Robin (D:2)
  2 adders (D:2)
  A worm (D:2)
  A dart slug (D:2)
  An orc (D:3)
  6 endoplasms
  A giant cockroach (D:2)
  15 goblins
  4 hobgoblins
  7 jackals
  6 ball pythons
  6 bats
  4 frilled lizards
  8 kobolds
  3 rats (D:2)
66 creatures vanquished.

Vanquished Creatures (collateral kills)
  A kobold (D:2)
1 creature vanquished.

Grand Total: 67 creatures vanquished

Notes
Turn   | Place    | Note
-------+----------+-------------------------------------------
     0 | D:1      | ytrimaz the Demonspawn Fighter began the quest for the Orb.
     0 | D:1      | Reached XP level 1. HP: 18/18 MP: 1/1
   432 | D:1      | Gained mutation: A weak demonic guardian rushes to your
                  | aid. [demonic ancestry]
   432 | D:1      | Reached XP level 2. HP: 24/24 MP: 2/2
   679 | D:1      | Found a faded altar of an unknown god.
   727 | D:1      | Prayed at the altar of an unknown god.
   727 | D:1      | Became a worshipper of Xom the Psychopath
  1176 | D:2      | XOM: divination: detect creatures
  1187 | D:2      | XOM: silly message
  1197 | D:2      | XOM: divination: detect items
  1459 | D:2      | XOM: divination: detect items
  1463 | D:2      | Gained mutation: You are partially covered in razor-sharp
                  | scales. (AC +1, Slay +1) [demonic ancestry]
  1463 | D:2      | Reached XP level 3. HP: 24/29 MP: 3/3
  1685 | D:2      | Noticed Robin
  1704 | D:2      | Killed Robin
  1775 | D:2      | XOM: noise
  1927 | D:2      | XOM: potion effect (haste)
  2296 | D:2      | Gained mutation: You have a pair of small antennae on your
                  | head. [demonic ancestry]
  2296 | D:2      | Reached XP level 4. HP: 31/35 MP: 4/4
  2837 | D:3      | XOM: divination: detect items
  2882 | D:3      | XOM: silly message
  2910 | D:3      | XOM: silly message
  2990 | D:3      | Noticed Grinder
  3007 | D:3      | XOM: smoke on damage
  3010 | D:3      | Slain by Grinder

Illustrated notes

Levels and vault maps discovered:
D:1:      minmay_arrival_stair_chambers, layout_loops_ring,
          shapermc_ecumenical_altar_starsandcircs
D:2:      layout_basic, st_stairs_14, uniq_robin
D:3:      layout_rooms, mainiacjoe_overflow_alcove_1, lemuel_another_geyser,
          uniq_grinder

Skill      XL: |  1  2  3  4 |
---------------+-------------+-----
Unarmed Combat | 2 3 |  3.5
Armour         | 3 |  3.3
Shields        | 3 |  3.0
Fighting       | |  3.2

Action                   |  1- 3 |  4- 6 || total
-------------------------+-------+-------++-------
Melee: Unarmed           |   196 |    72 ||   268
  Use: Scroll            |     1 |     1 ||     2
       Potion            |       |     1 ||     1
Armor: Scale mail        |    90 |    29 ||   119
Dodge: Dodged            |    79 |    30 ||   109
Block: Buckler           |    27 |    17 ||    44

Table legend: (Time is in decaauts)
 A = Elapsed time spent in this place.
 B = Non-inter-level travel time spent in this place.
 C = Inter-level travel time spent in this place.
 D = Time resting spent in this place.
 E = Time spent auto-exploring this place.
 F = Levels seen in this place.
 G = Mean time per level.
                   A        B        C        D        E       F      G
               +--------+--------+--------+--------+--------+-----+--------+
         Total |   2984 |   2942 |     42 |    773 |   1644 |   3 |  994.7 |
       Dungeon |   2984 |   2942 |     42 |    773 |   1644 |   3 |  994.7 |
               +--------+--------+--------+--------+--------+-----+--------+

Top non-repeatable levels by time:
     D:2: 1428 daAuts
     D:1: 1317 daAuts
     D:3: 237 daAuts
